Map: Pride of Altaris LE

Players

gongbanger

  • Race: Protoss Protoss
  • League: Diamond
  • Spawn Location: 11:00

Pumba - Winner!

  • Race: Protoss Protoss
  • League: Diamond
  • Spawn Location: 5:00

VOD

Have the link to the VOD?

Description

Time

  • Played on: March 15, 2022, 7:59 p.m.
  • Length: 7:51
Show
View Real Time Build Order
Export as new Build Order

gongbanger Protoss 

Build Orders: Zealot Archon 

Get SALT Encoding   

  12  0:00  Probe  
  13  0:12  Probe  
  14  0:20  Pylon  
  14  0:24  Probe  
  15  0:38  Probe (Chrono Boost)  
  15  0:40  Gateway  
  16  0:47  Assimilator  
  17  0:50  Probe (Chrono Boost)  
  17  0:56  Probe (Chrono Boost)  
  18  1:02  Gateway  
  18  1:06  Probe  
  19  1:18  Probe  
  20  1:20  Assimilator  
  20  1:27  Cybernetics Core  
  20  1:30  Probe  
  21  1:39  Pylon  
  21  1:42  Probe  
  22  1:54  Probe  
  23  2:04  Stalker x2  
  23  2:06  Probe  
  28  2:14  Warp Gate  
  28  2:18  Probe, Pylon  
  29  2:25  Pylon  
  29  2:30  Probe  
  29  2:36  Sentry  
  32  2:43  Probe  
  32  2:44  Shield Battery  
  33  2:55  Probe  
  34  3:00  Nexus  
  34  3:10  Probe  
  35  3:16  Robotics Facility  
  35  3:24  Probe  
  35  3:25  Pylon  
  36  3:37  Probe  
  37  3:49  Probe  
  37  3:53  Gateway, Forge  
  38  4:01  Probe  
  39  4:07  Observer  
  40  4:13  Probe x2 (Chrono Boost)  
  40  4:16  Stalker  
  46  4:25  Probe x2 (Chrono Boost)  
  46  4:30  Immortal (Chrono Boost)  
  46  4:32  Probe x2 (Chrono Boost)  
  52  4:39  Probe, Pylon  
  52  4:42  Probe  
  52  4:43  Observer  
  52  4:45  Zealot  
  56  4:46  Protoss Ground Weapons Level 1  
  56  4:52  Twilight Council  
  56  4:55  Pylon  
  56  4:57  Zealot  
  58  5:07  Nexus  
  58  5:14  Pylon  
  58  5:16  Zealot  
  58  5:20  Immortal (Chrono Boost)  
  60  5:28  Probe  
  65  5:32  Assimilator  
  65  5:33  Probe (Chrono Boost)  
  66  5:38  Observer  
  66  5:39  Shield Battery  
  66  5:40  Probe (Chrono Boost)  
  67  5:45  Probe (Chrono Boost)  
  67  5:46  Assimilator  
  69  5:50  Probe (Chrono Boost)  
  69  5:52  Probe (Chrono Boost), Templar Archives  
  70  6:00  Stalker  
  70  6:01  Stalker  
  74  6:06  Probe  
  74  6:08  Zealot  
  74  6:09  Probe  
  78  6:19  Probe  
  78  6:21  Probe  
  78  6:22  Probe  
  78  6:25  Gateway  
  81  6:27  Gateway  
  81  6:29  Zealot  
  81  6:30  Zealot, Gateway  
  81  6:32  Pylon  
  77  6:36  Zealot  
  68  6:52  High Templar x2  
  60  6:56  Archon  
  60  6:57  Zealot  
  60  7:06  Probe  
  60  7:07  Probe  
  56  7:10  Gateway  
  56  7:12  Gateway  
  56  7:13  Gateway  
  56  7:14  Probe  
  50  7:19  Probe x2, Zealot x2  
  48  7:24  Zealot  
  48  7:25  Zealot x2  
  48  7:26  Probe  
  44  7:32  Pylon  
  34  7:37  Probe x2  
  34  7:40  Pylon  
Show
View Real Time Build Order
Export as new Build Order

Pumba Protoss - Winner!

Build Orders: Blink Stalkers 

Get SALT Encoding   

  12  0:00  Probe  
  13  0:13  Probe  
  14  0:17  Pylon  
  14  0:25  Probe  
  15  0:37  Probe (Chrono Boost)  
  15  0:39  Gateway  
  16  0:46  Probe (Chrono Boost)  
  16  0:47  Assimilator  
  17  0:51  Probe (Chrono Boost)  
  17  0:56  Assimilator  
  18  1:03  Probe (Chrono Boost)  
  19  1:13  Probe (Chrono Boost), Gateway  
  19  1:18  Probe (Chrono Boost)  
  21  1:27  Cybernetics Core  
  21  1:29  Probe  
  22  1:36  Pylon  
  22  1:41  Probe  
  23  1:54  Probe  
  24  2:03  Warp Gate, Stalker x2  
  24  2:06  Probe  
  29  2:11  Pylon  
  29  2:25  Probe  
  30  2:34  Sentry  
  32  2:39  Sentry  
  32  2:44  Nexus  
  34  2:48  Probe  
  35  3:03  Shield Battery  
  35  3:07  Probe  
  36  3:14  Twilight Council  
  36  3:20  Probe  
  37  3:33  Pylon  
  37  3:34  Probe  
  38  3:47  Probe (Chrono Boost)  
  39  3:49  Blink (Chrono Boost)  
  39  3:52  Stalker x2  
  43  3:57  Probe (Chrono Boost)  
  45  4:04  Probe (Chrono Boost)  
  45  4:06  Probe (Chrono Boost)  
  46  4:11  Probe x2 (Chrono Boost)  
  46  4:13  Assimilator  
  48  4:19  Stalker  
  48  4:20  Stalker  
  48  4:22  Probe  
  48  4:23  Probe  
  54  4:35  Probe  
  55  4:41  Pylon  
  55  4:43  Stalker x2, Gateway  
  55  4:45  Gateway  
  59  4:54  Assimilator  
  59  4:59  Pylon  
  59  5:02  Gateway  
  59  5:05  Gateway  
  59  5:07  Gateway  
  59  5:08  Probe x2  
  61  5:20  Stalker  
  61  5:21  Stalker  
  65  5:26  Pylon  
  65  5:30  Pylon  
  65  5:41  Stalker x2  
  69  5:45  Pylon  
  69  5:53  Pylon  
  69  5:56  Stalker x3  
  75  6:01  Stalker  
  77  6:10  Stalker x2  
  79  6:19  Stalker  
  79  6:20  Stalker x2  
  73  6:34  Stalker x3  
  67  6:52  Stalker x3  
  73  7:08  Stalker x3  
  77  7:26  Stalker x3  
  79  7:44  Stalker x3  
Tags
 
Add a new tag
Caveats
  • Supply blocks, unpowered buildings, or Contaminate may cause inaccurate times.
  • Supply counts are checked every 10 seconds.